 Dungeon Crawl Stone Soup version 0.31.0-4-g52a2dc7128 (webtiles) character file.

Game seed: 18651887092455081

814 puppykicker the Carver (level 8, 0/56 HPs)
             Began as a Djinni Monk on Jan 22, 2024.
             Slain by an iguana (11 damage)
             ... on level 5 of the Dungeon on Jan 23, 2024.
             The game lasted 00:14:58 (4102 turns).

puppykicker the Carver (Djinni Monk)                Turns: 4102, Time: 00:14:58

Health: 0/56       AC:  6    Str: 10    XL:     8   Next: 15%
Gold:   200        EV: 11    Int: 13    God:
                   SH:  0    Dex: 17

rFire   + + .        a - +1 falchion
rCold   x . .        d - orb {light}
rNeg    . . .        g - +0 ring mail
rPois   ∞            c - +0 helmet
rElec   .            (no cloak)
rCorr   .            (no gloves)
SInv    +            (boots unavailable)
Will    .....        (no amulet)
Stlth   +            S - ring of see invisible
HPRegen 0.29/turn    (no ring)
MPRegen 0.00/turn

%: infuse magic (-1 HP)
@: flying, glowing
A: sickness immunity, fire resistance 2, cold vulnerability 1, float, innate
caster, HP casting, extra vitality 1
a: no special abilities


You were on level 5 of the Dungeon.
You visited 1 branch of the dungeon, and saw 5 of its levels.

You collected 200 gold pieces.

Inventory:

Hand Weapons
 a - a +1 falchion (weapon)
 b - a +0 sling
Armour
 c - a +0 helmet (worn)
 d - an orb of light (worn)
 g - a +0 ring mail (worn)
Jewellery
 S - a ring of see invisible (left hand)
Wands
 k - a wand of polymorph (12)
Scrolls
 e - 2 scrolls of enchant weapon
 h - a scroll of poison
 l - 3 scrolls of blinking {unknown}
 m - 2 scrolls of noise {unknown}
 t - a scroll of teleportation
Potions
 f - a potion of curing
 i - 3 potions of magic {unknown}
 j - a potion of degeneration {!q}


   Skills:
 - Level 3.0 Fighting
 + Level 8.4 Long Blades
 - Level 3.2 Dodging


You knew the following spells:

 Your Spells              Type           Power      Damage    Failure   Level
a - Necrotise             Necr           0%         1d4       63%         1
b - Ensorcelled Hibernat  Hex/Ice        0%         N/A       77%         2
c - Dazzling Flash        Conj/Hex       0%         N/A       94%         3
Your spell library was empty.

Dungeon Overview and Level Annotations

Branches:
Dungeon (5/15)
 Temple: D:4-7

Altars:
Elyvilon
Hepliaklqana
Ru

Annotations:
D:4 exclusion: downstairs


Innate Abilities, Weirdness & Mutations

You are immune to sickness and miasma.
You are immune to poison.
Your flesh is very heat resistant. (rF++)
You are vulnerable to cold. (rC-)
You float through the air rather than walking.
You learn spells naturally, not from books.
Your magical power is your life essence.
You have superior vitality. (+4 MHP)


Message History

The hound barely misses you.
The orc moves out of view.
You hit the hound.
The hound is moderately wounded.
The hound closely misses you.
An orc priest comes into view. It is wielding a +0 hand axe.
You barely miss the hound.
The hound is moderately wounded.
The orc priest shouts!
The hound bites you.
You take 4 damage, and have 52/56 hp.
You hit the hound.
The hound is heavily wounded.
The hound bites you but does no damage. The hound bites you.
An orc comes into view. It is wielding a +0 dagger.
The iguana bites you!
You take 11 damage, and have 41/56 hp.
The orc shouts!
You slash the hound!
You kill the hound!
You hear a shout!
The orc priest mumbles some strange prayers to Beogh against you.
Pain shoots through your body! The iguana bites you.
* * * LOW HITPOINT WARNING * * *
You take 15 damage, and have 26/56 hp.
MASSIVE DAMAGE!!
The iguana attacks as it pursues you! The iguana bites you!
* * * LOW HITPOINT WARNING * * *
You take 7 damage, and have 19/56 hp.
Unknown command.
The iguana attacks as it pursues you!
The iguana bites you but does no damage.
The iguana attacks as it pursues you! The iguana barely misses you.
The orc priest calls down the wrath of Beogh upon you.
Beogh smites you!
* * * LOW HITPOINT WARNING * * *
You take 12 damage, and have 9/56 hp.
MASSIVE DAMAGE!!
The iguana attacks as it pursues you! The iguana closely misses you.
The iguana attacks as it pursues you! The iguana bites you!
You die...

#.#....#..#.###.###....
#.#....##...#⌠...⌠#...
#.#....##.###....|###.#####
#......##.#....<....#......
###.#.o.o.###.....###......
#...###...#Jk..⌠#........ #####
##..###.###.#......
#l...#.#.......)..
###########@...###..####.###
######........###.............#
#....................#...######
#.##.#.............#.#####
.>##.#.....#..#.##.#.#
.###.##.......#.#..#.#
.###.##.......#.#.##.#
......))).....#......#
.)..###.......###.####


You could see a wyvern, an iguana and a jelly.

Levels and vault maps discovered:
D:1:      erik_arrival_triangle_large, layout_basic
D:2:      layout_rooms
D:3:      layout_rooms, elyvilon_altar_3,
          chequers_temple_overflow_statue_of_worship, uniq_robin, uniq_jessica
D:4:      layout_gridville, uniq_sigmund
D:5:      layout_loops_cross, serial_shops, nicolae_shop_tiny_waterfront,
          eino_tiny_chamber, nicolae_fountain_basement

Notes
Turn   | Place    | Note
-------+----------+-------------------------------------------
     0 | D:1      | puppykicker the Djinni Monk began the quest for the Orb.
     0 | D:1      | Reached XP level 1. HP: 20/20 MP: 0/0
    60 | D:1      | Identified a +0 dagger
    62 | D:1      | Identified a +0 dagger
    67 | D:1      | Identified a +0 dagger
    70 | D:1      | Reached skill level 3 in Long Blades
    74 | D:1      | Reached XP level 2. HP: 25/25 MP: 0/0
   139 | D:1      | Identified a +0 club
   348 | D:1      | Reached XP level 3. HP: 30/30 MP: 0/0
   348 | D:1      | Learned a level 1 spell: Necrotise
   351 | D:1      | Identified a +0 ring mail
   513 | D:1      | Identified a +0 dagger
   513 | D:1      | Identified a +0 dagger
   633 | D:1      | Identified a +0 club
   650 | D:1      | Reached skill level 4 in Long Blades
   900 | D:2      | Reached XP level 4. HP: 34/35 MP: 0/0
  1106 | D:2      | Identified a +0 short sword
  1219 | D:2      | Identified a +0 club
  1228 | D:2      | Reached XP level 5. HP: 37/40 MP: 0/0
  1228 | D:2      | Learned a level 2 spell: Ensorcelled Hibernation
  1454 | D:3      | Identified a +0 short sword
  1454 | D:3      | Identified a +0 leather armour
  1456 | D:3      | Identified a +0 mace
  1456 | D:3      | Identified a +0 mace
  1461 | D:3      | Identified a +0 flail
  1462 | D:3      | Identified a +0 short sword
  1466 | D:3      | HP: 1/40 [orc priest/divine providence (10)]
  1494 | D:3      | Reached skill level 5 in Long Blades
  1594 | D:3      | Identified a +0 club
  1594 | D:3      | Identified a +0 spear
  1594 | D:3      | Identified a +0 animal skin
  1594 | D:3      | Identified a +0 helmet
  1594 | D:3      | Noticed Robin
  1595 | D:3      | Identified a +0 dagger
  1596 | D:3      | Identified a +0 club
  1596 | D:3      | Identified a +0 club
  1601 | D:3      | Identified a +0 club
  1755 | D:3      | Identified a +0 dagger
  1755 | D:3      | Identified a +0 robe
  1755 | D:3      | Noticed Jessica
  1756 | D:3      | Identified a +0 dagger
  1756 | D:3      | Identified a +0 sling
  1770 | D:3      | Killed Jessica
  1771 | D:3      | HP: 9/40 [goblin/sling bullet (2)]
  1920 | D:3      | Identified a +0 club
  1925 | D:3      | Identified a +0 club
  1925 | D:3      | Identified a +0 scale mail
  1929 | D:3      | Identified a +0 club
  1929 | D:3      | Identified a +0 leather armour
  1930 | D:3      | Identified a +1 short sword of draining
  1931 | D:3      | Identified a +0 falchion
  1932 | D:3      | Identified 2 scrolls of identify
  1932 | D:3      | Identified a potion of degeneration
  1933 | D:3      | Identified a scroll of poison
  1934 | D:3      | Identified a scroll of revelation
  1935 | D:3      | Identified a scroll of enchant weapon
  1936 | D:3      | Identified a scroll of teleportation
  1937 | D:3      | HP: 10/40 [Robin/+0 spear (1)]
  2034 | D:3      | Killed Robin
  2039 | D:3      | Identified a +0 dagger
  2079 | D:3      | Identified a ring of see invisible
  2124 | D:3      | Identified a +0 sling
  2145 | D:3      | Identified a +0 whip
  2147 | D:3      | Reached XP level 6. HP: 44/46 MP: 0/0
  2166 | D:3      | Identified a potion of curing
  2197 | D:3      | Found a hazy altar of Hepliaklqana.
  2204 | D:3      | Found a sacrificial altar of Ru.
  2369 | D:3      | Found a white marble altar of Elyvilon.
  2442 | D:4      | Reached skill level 6 in Long Blades
  2498 | D:4      | Identified a +0 dagger
  2498 | D:4      | Identified a +0 ring mail
  2503 | D:4      | Identified a +0 club
  2675 | D:4      | Identified a +0 scythe
  2675 | D:4      | Identified a +0 robe
  2675 | D:4      | Noticed Sigmund
  2676 | D:4      | Identified an amulet of magic regeneration
  2692 | D:4      | Killed Sigmund
  2693 | D:4      | Reached XP level 7. HP: 42/50 MP: 0/0
  2693 | D:4      | Learned a level 3 spell: Dazzling Flash
  2782 | D:4      | Identified a +0 trident
  2805 | D:4      | Reached skill level 7 in Long Blades
  2823 | D:4      | Identified a +0 dagger
  2825 | D:4      | Identified a +0 dagger
  2825 | D:4      | Identified a +0 chain mail
  2825 | D:4      | Identified a +0 dagger
  2825 | D:4      | Identified a +0 robe
  2825 | D:4      | Identified a +0 hand axe
  2826 | D:4      | Identified a +0 morningstar
  2854 | D:4      | HP: 12/50 [orc wizard/magic dart (5)]
  3089 | D:4      | Identified a +0 dagger
  3395 | D:4      | Identified a +0 flail
  3435 | D:4      | Identified a +0 robe
  3504 | D:5      | Entered Level 5 of the Dungeon
  3504 | D:5      | Noticed a wyvern
  3504 | D:5      | Identified a +0 flail
  3674 | D:5      | Identified a +0 club
  3674 | D:5      | Identified a +0 flail
  3674 | D:5      | Identified a +0 club
  3674 | D:5      | Identified a +0 club
  3674 | D:5      | Identified a +0 robe
  3675 | D:5      | Identified a +0 spear
  3686 | D:5      | Reached skill level 8 in Long Blades
  3726 | D:5      | Reached XP level 8. HP: 17/56 MP: 0/0
  3732 | D:5      | HP: 14/56 [gnoll/+0 club[a gnoll bouda] (2)]
  3881 | D:5      | Identified a +0 club
  3881 | D:5      | Identified a +0 spear
  3882 | D:5      | Identified a +0 flail
  4056 | D:5      | Identified a +0 hand axe
  4084 | D:5      | Identified a +0 hand axe
  4084 | D:5      | Identified a +0 club
  4084 | D:5      | Identified a +0 leather armour
  4084 | D:5      | Identified a +0 short sword
  4084 | D:5      | Identified a +0 leather armour
  4085 | D:5      | Identified a +0 hand axe
  4085 | D:5      | Identified a +0 leather armour
  4087 | D:5      | Identified a +0 dagger
  4087 | D:5      | Identified a +0 leather armour
  4096 | D:5      | HP: 9/56 [orc priest/divine providence (12)]
  4102 | D:5      | Slain by an iguana

Table legend: (Time is in decaauts)
 A = Elapsed time spent in this place.
 B = Non-inter-level travel time spent in this place.
 C = Inter-level travel time spent in this place.
 D = Time resting spent in this place.
 E = Time spent auto-exploring this place.
 F = Levels seen in this place.
 G = Mean time per level.
                   A        B        C        D        E       F      G
               +--------+--------+--------+--------+--------+-----+--------+
         Total |   4115 |   3863 |    252 |    847 |   2031 |   5 |  823.0 |
       Dungeon |   4115 |   3863 |    252 |    847 |   2031 |   5 |  823.0 |
               +--------+--------+--------+--------+--------+-----+--------+

Top non-repeatable levels by time:
     D:4: 1179 daAuts
     D:1: 899 daAuts
     D:2: 873 daAuts
     D:3: 672 daAuts
     D:5: 490 daAuts

Table legend:
 A = Kills in this place as a percentage of kills in the entire game.
 B = Kills by you in this place as a percentage of kills by you in the entire game.
 C = Kills by friends in this place as a percentage of kills by friends in the entire game.
 D = Other kills in this place as a percentage of other kills in the entire game.
 E = Experience gained in this place as a percentage of experience gained in the entire game.
 F = Experience gained in this place divided by the number of levels of this place that you have seen.
                   A       B       C       D       E      F
               +-------+-------+-------+-------+-------+----------------------
         Total | 100.0 | 100.0 |   N/A |   N/A | 100.0 | 232.8
       Dungeon | 100.0 | 100.0 |   N/A |   N/A | 100.0 | 232.8
               +-------+-------+-------+-------+-------+----------------------

Skill      XL: |  1  2  3  4  5  6  7 |
---------------+----------------------+-----
Long Blades    | 3 4 5 6 8 |  8.4
Fighting       | |  3.0
Dodging        | |  3.2

Action                     |  1- 3 |  4- 6 |  7- 9 || total
---------------------------+-------+-------+-------++-------
  Melee: Falchion          |    74 |   182 |   129 ||   385
   Fire: Sling             |       |    17 |       ||    17
    Use: Scroll            |       |     6 |       ||     6
         Potion            |       |     1 |       ||     1
 Armour: Robe              |    14 |       |       ||    14
         Ring mail         |    28 |   165 |    92 ||   285
  Dodge: Dodged            |    44 |   163 |    75 ||   282

Vanquished Creatures
  Sigmund (D:4)
  An ice beast (D:5)
  A howler monkey (D:4)
  A bombardier beetle (D:4)
  A gnoll bouda (D:5)
  An orc priest (D:3)
  3 hounds
  Jessica (D:3)
  An orc wizard (D:4)
  Robin (D:3)
  7 gnolls
  7 adders
  2 ufetubi (D:5)
  2 dart slugs (D:1)
  12 orcs
  15 ball pythons
  10 bats
  7 endoplasms
  4 giant cockroaches
  14 goblins
  9 hobgoblins
  9 jackals
  5 quokkas
  6 frilled lizards
  5 kobolds
  4 rats
130 creatures vanquished.
